 Dungeon Crawl Stone Soup version 0.29.1-15-g9cfb28693d (webtiles) character file.

Game seed: 12527041657895122527

42 Berahthraban the Conjurer (level 3, -1/36 HPs)
             Began as a Demonspawn Conjurer on Apr 10, 2023.
             Slain by a goblin
             ... wielding a +0 club
             ... led by Robin
              (3 damage)
             ... on level 2 of the Dungeon.
             The game lasted 00:11:51 (1371 turns).

Berahthraban the Conjurer (Demonspawn Conjurer)     Turns: 1371, Time: 00:11:52

Health: -1/36      AC:  4    Str:  7    XL:     3   Next: 33%
Magic:  1/6        EV: 12    Int: 21    God:
Gold:   81         SH:  0    Dex: 11    Spells: 4/7 levels left

rFire   . . .      SeeInvis .   d - +3 short sword (venom)
rCold   . . .      Faith    .   (no shield)
rNeg    . . .      Spirit   .   a - +0 robe
rPois   .          Reflect  .   l - +0 helmet
rElec   .          Harm     .   (no cloak)
rCorr   .          Rampage  .   (no gloves)
Will    .....                   g - +0 pair of boots
Stlth   ..........              (no amulet)
HPRegen 0.12/turn               (no ring)
MPRegen 0.10/turn               (no ring)

@: berserking, very quick
A: demonic magic 1
a: no special abilities


You were on level 2 of the Dungeon.
You visited 1 branch of the dungeon, and saw 2 of its levels.

You collected 109 gold pieces.
You spent 28 gold pieces at shops.

Inventory:

Hand Weapons
 d - a +3 short sword of venom (weapon)
Armour
 a - a +0 robe (worn)
 g - a +0 pair of boots (worn)
 l - a +0 helmet (worn)
Magical Staves
 e - a staff of poison
Wands
 m - a wand of charming (7)
Scrolls
 h - a scroll of butterflies {unknown}
 j - 3 scrolls of blinking {unknown}
 k - a scroll of amnesia {unknown}
 n - a scroll of vulnerability {unknown}
 o - a scroll of noise {unknown}
Potions
 b - a potion of magic
 c - a potion of curing
 f - a potion of berserk rage
 i - a potion of lignification


   Skills:
 + Level 1.3 Short Blades
 - Level 1.7 Dodging
 - Level 1.7 Stealth
 + Level 2.6 Spellcasting
 + Level 4.4 Conjurations


You had 4 spell levels left.
You knew the following spells:

 Your Spells              Type           Power      Damage    Failure   Level
u - Searing Ray           Conj           42%        2d6       3%          2
z - Magic Dart            Conj           84%        1d7       2%          1

Your spell library contained the following spells:

 Spells                   Type           Power      Damage    Failure   Level
 Dazzling Flash           Conj/Hex       24%        N/A       17%         3
 Blink                    Tloc           4%         N/A       22%         2
 Lesser Beckoning         Tloc           2%         N/A       38%         3
 Fulminant Prism          Conj/Hex       6%         3d7       50%         4
 Iskenderun's Mystic Bla  Conj/Tloc      12%        2d5       50%         4
 Manifold Assault         Tloc           2%         N/A       98%         5


Dungeon Overview and Level Annotations

Branches:
Dungeon (2/15)

Altars:
Xom

Shops:
D:1 *

Annotations:
D:1 cleared
D:2 1 runed translucent door, Crazy Yiuf, Robin


Innate Abilities, Weirdness & Mutations

Spells you cast may paralyse adjacent enemies.


Message History

Confirm with . or Enter, or press ? or * to list all spells.
Aiming: Magic Dart (safe; 2% risk of failure)
Press: ? - help, Shift-Dir - straight line, f/p - kobold
Aim: a kobold, wielding a +0 short sword (100% to hit)
The magic dart hits the kobold.
You kill the kobold!
Malevolent energies surge around you.
The goblin shoots a sling bullet.
The sling bullet hits you but does no damage.
Casting: Magic Dart (safe; 2% risk of failure)
Confirm with . or Enter, or press ? or * to list all spells.
Aiming: Magic Dart (safe; 2% risk of failure)
Press: ? - help, Shift-Dir - straight line, f - goblin
Aim: a goblin, wielding a +0 sling (100% to hit)
The magic dart hits the goblin.
The goblin is heavily wounded.
Malevolent energies surge around you.
Casting: Magic Dart (safe; 2% risk of failure)
Confirm with . or Enter, or press ? or * to list all spells.
Aiming: Magic Dart (safe; 2% risk of failure)
Press: ? - help, Shift-Dir - straight line, f - goblin, p - goblin
Aim: a goblin, wielding a +0 club (100% to hit)
The magic dart hits the goblin.
You kill the goblin!
Malevolent energies surge around you.
Aiming: Charm
Press: ? - help, Shift-Dir - straight line, f/p - goblin
Aim: a goblin, wielding a +0 club (chance to affect: 66%)
The goblin struggles to resist.
Robin roars a battlecry!
The goblins go into a battle-frenzy!
The goblin closely misses you.
You hear a shout!
Okay, then.
Okay, then.
Okay, then.
Unknown command.
A red film seems to cover your vision as you go berserk!
You feel yourself moving faster!
You feel mighty!
You closely miss the goblin. The goblin hits you with a +0 club.
You die...

.#....###.##############.#
.#.##.....#....#.........#
<#.....##.#..###.#########
.###......#......#
...#.....g#.#########
##.#.._..g#.#.......#
.#+.......#.#.#####.#
..........#.#..#g.#
............#..g@.#
..........###..####
.............g.#
........#.####.#
...............#.
......##.........
.##...###.####### ......#
#.# ###...# #.#


You could see Robin and 2 goblins.

Vanquished Creatures
  5 endoplasms
  A giant cockroach (D:2)
  5 hobgoblins
  3 jackals (D:2)
  2 quokkas (D:1)
  2 ball pythons
  A bat (D:1)
  2 frilled lizards (D:1)
  10 goblins
  3 kobolds
  2 rats
36 creatures vanquished.

Vanquished Creatures (others)
  3 demonic plants (D:2)
  2 fungi (D:2)
  A plant (D:2)
6 creatures vanquished.

Grand Total: 42 creatures vanquished

Notes
Turn   | Place    | Note
-------+----------+-------------------------------------------
     0 | D:1      | Berahthraban the Demonspawn Conjurer began the quest for
                  | the Orb.
     0 | D:1      | Reached XP level 1. HP: 13/13 MP: 3/3
   155 | D:1      | Gained mutation: Spells you cast may paralyse adjacent
                  | enemies. [demonic ancestry]
   155 | D:1      | Reached XP level 2. HP: 9/19 MP: 1/5
   389 | D:1      | Learned a level 2 spell: Searing Ray
   540 | D:1      | Found Lesotuts's General Store.
   548 | D:1      | Bought a scroll of identify for 28 gold pieces
   556 | D:1      | Reached skill level 1 in Short Blades
   908 | D:2      | Found a shimmering altar of Xom.
  1022 | D:2      | Reached XP level 3. HP: 22/24 MP: 1/6
  1183 | D:2      | Found a faded altar of an unknown god.
  1254 | D:2      | Found a runed translucent door.
  1255 | D:2      | Noticed Crazy Yiuf
  1308 | D:2      | Noticed Robin
  1363 | D:2      | HP: 1/24 [goblin/+0 club[Robin] (3)]
  1371 | D:2      | Slain by a goblin

Illustrated notes

Levels and vault maps discovered:
D:1:      elethiomel_arrival_infinity_welcomes_careful_drivers,
          layout_loops_ring, serial_shops, nicolae_shop_crystal, serial_glass,
          glass_columns_c, glass_columns_b, glass_columns_b, glass_columns_c,
          glass_columns_a, glass_columns_a, glass_columns_c, glass_columns_c
D:2:      layout_basic, shapermc_ecumenical_altar_gd, basic_altar,
          uniq_crazy_yiuf_cottage, uniq_terence, uniq_robin

Skill      XL: |  1  2 |
---------------+-------+-----
Short Blades   | 1 |  1.3
Dodging        | |  1.7
Stealth        | |  1.7
Spellcasting   | |  2.6
Conjurations   | |  4.4

Action                   || total
-------------------------++-------
Melee: Short sword       ||    24
 Cast: Magic Dart        ||    50
Evoke: Wand              ||     1
  Use: Scroll            ||     5
       Potion            ||     1
Armor: Robe              ||    11
Dodge: Dodged            ||    31
